 Dungeon Crawl Stone Soup version 0.25.1-2-g60ff931df9 (webtiles) character file.

Game seed: 865723039945256471

191 DoubleLucky the Digger (level 5, 0/28 HPs)
             Began as a Gargoyle Earth Elementalist on Sept 26, 2020.
             Slain by Blork the orc
             ... wielding a +0 glaive
              (3 damage)
             ... on level 4 of the Dungeon on Sept 27, 2020.
             The game lasted 00:42:57 (3825 turns).

DoubleLucky the Digger (GrEE)                       Turns: 3825, Time: 00:42:57

Health: 0/28       AC:  7    Str: 11    XL:     5   Next: 70%
Magic:  1/11       EV: 12    Int: 17    God:
Gold:   39         SH:  5    Dex: 16    Spells: 8/12 levels left

rFire    . . .     SeeInvis .   l - +1 flail
rCold    . . .     Gourm    .   (no shield)
rNeg     + . .     Faith    .   c - +0 robe
rPois    ∞         Spirit   .   (no helmet)
rElec    +         Reflect  +   r - +0 cloak
rCorr    .         Harm     .   (no gloves)
MR       .....                  (no boots)
Stlth    ++........             t - amulet of reflection
HPRegen  0.09/turn              m - +6 ring of dexterity
MPRegen  0.12/turn              (no ring)

@: brilliant, very slightly contaminated, hasted, very quick
A: negative energy resistance 1, electricity resistance, unbreathing,
petrification resistance, rot immunity, AC +4
a: no special abilities


You were on level 4 of the Dungeon.
You were not hungry.

You visited 1 branch of the dungeon, and saw 4 of its levels.

You collected 39 gold pieces.

Inventory:

Hand Weapons
 l - a +1 flail (weapon)
Armour
 c - a +0 robe (worn)
 r - a +0 cloak (worn)
Jewellery
 k - an uncursed amulet of regeneration
 m - a +6 ring of dexterity (left hand)
 t - an amulet of reflection (around neck)
Scrolls
 a - 3 scrolls of identify
 g - a scroll of teleportation
 s - a scroll of fear
Potions
 o - a potion of curing
 q - a potion of degeneration {unknown}
 v - a potion of invisibility {unknown}
 x - a potion of stabbing {unknown}
Comestibles
 d - 4 rations


   Skills:
 + Level 0.6 Fighting
 * Level 0.6 Maces & Flails
 * Level 0.1 Armour
 - Level 1.9 Dodging
 - Level 2.2 Stealth
 - Level 0.3 Unarmed Combat
 + Level 4.1 Spellcasting
   Level 0.7 Transmutations
 * Level 4.9 Earth Magic


You had 8 spell levels left.
You knew the following spells:

 Your Spells              Type           Power        Failure   Level  Hunger
a - Sandblast             Erth           ####..       1%          1    None
b - Stone Arrow           Conj/Erth      ###...       17%         3    None

Your spell library contained the following spells:

 Spells                   Type           Power        Failure   Level  Hunger
 Passwall                 Tmut/Erth      ###.....     8%          2    None
 Petrify                  Tmut/Erth      ###.....     43%         4    None
 Lee's Rapid Deconstruct  Erth           ####......   50%         5    None


Dungeon Overview and Level Annotations

Branches:
Dungeon (4/15)
 Temple: D:4-7

Altars:

Annotations:
D:4 Blork the orc


Innate Abilities, Weirdness & Mutations

You are resistant to torment.
Your stone body is resilient. (AC +4)
You are immune to poison.
You resist negative energy. (rN+)
You are resistant to electric shocks. (rElec)
You can survive without breathing.
You are immune to petrification.
You are immune to rotting.


Message History

Blork the orc flickers and vanishes!
Deactivating autopickup; reactivate with Ctrl-A.
You barely miss something. The orc hits you but does no damage.
You hear some strange, mumbled words.
A magic dart appears from out of thin air!
The magic dart hits you!
You barely miss something. The orc closely misses you. Something hits you!
* * * LOW HITPOINT WARNING * * *
You hit something but do no damage. The orc closely misses you.
You closely miss something. Something hits you but does no damage.
You block the orc's attack.
You miss something.
You hear some strange, mumbled words.
A puff of flame appears from out of thin air!
The puff of flame misses you.
You closely miss something. You block the orc's attack. Something hits you.
* * * LOW HITPOINT WARNING * * *
You barely miss something. The orc misses you.
You closely miss something. Something hits you.
You die...

#.#.#.#####o.....#
###...#...o.o..###.#
........###.#......#
#######.# #.......##
####[# #.##.##.# ##
#....# #.#####<# ..
#o#### #....÷..#
#.###{# #########
#...@.# #######


You could see an orc.

Vanquished Creatures
  4 gnolls
  5 adders
  An ooze (D:2)
  2 worms
  3 dart slugs
  3 leopard geckos
  4 orcs
  A ball python (D:3)
  6 giant cockroaches
  5 goblins
  10 hobgoblins
  11 jackals
  3 quokkas
  7 bats
  3 frilled lizards
  4 kobolds
  11 rats
83 creatures vanquished.

Notes
Turn   | Place    | Note
-------+----------+-------------------------------------------
     0 | D:1      | DoubleLucky the Gargoyle Earth Elementalist began the quest
                  | for the Orb.
     0 | D:1      | Reached XP level 1. HP: 10/10 MP: 3/3
   148 | D:1      | Reached XP level 2. HP: 3/15 MP: 0/5
   603 | D:1      | Reached XP level 3. HP: 19/19 MP: 4/6
  1087 | D:2      | Reached XP level 4. HP: 19/24 MP: 1/8
  1591 | D:2      | Learned a level 3 spell: Stone Arrow
  2042 | D:2      | Reached XP level 5. HP: 28/28 MP: 1/10
  3781 | D:4      | Noticed Blork the orc
  3825 | D:4      | Slain by Blork the orc

Illustrated notes

Levels and vault maps discovered:
D:1:      roderic_crop_circles_arrival_small, layout_basic, minivault_26
D:2:      layout_basic
D:3:      wad_pebble_path, layout_loops_ring, first_ration
D:4:      layout_basic, minmay_temple_entry_slanted, serial_shops, shop,
          uniq_blork_the_orc, uniq_grinder

Skill      XL: |  1  2  3  4  5 |
---------------+----------------+-----
Earth Magic    | 4 |  4.9
Spellcasting   | 3 4 |  4.1
Fighting       | |  0.6
Maces & Flails | |  0.6
Armour         | |  0.1
Dodging        | |  1.9
Stealth        | |  2.2
Unarmed Combat | |  0.3
Transmutations | |  0.7

Action                   |  1- 3 |  4- 6 || total
-------------------------+-------+-------++-------
Melee: Unarmed           |    39 |    46 ||    85
       Club              |       |    16 ||    16
       Flail             |       |    16 ||    16
 Cast: Sandblast         |    45 |    46 ||    91
       Stone Arrow       |       |    22 ||    22
  Use: Potion            |       |    10 ||    10
       Scroll            |       |     5 ||     5
 Stab: Sleeping          |       |     1 ||     1
  Eat: Chunk             |     1 |    10 ||    11
       Ration            |       |     1 ||     1
Armor: Robe              |    19 |    42 ||    61
Dodge: Dodged            |    43 |    75 ||   118
Block: Other             |       |    37 ||    37
